 Dungeon Crawl Stone Soup version 0.31-a0-267-g3fc6992b3b (webtiles) character file.

Game seed: 10058347167635241316

2815312 nesea the Skinwalker (level 25, 227/227 HPs)
             Began as a Green Draconian Shapeshifter on July 12, 2023.
             Was the Champion of Wu Jian.
             Escaped with the Orb
             ... and 4 runes on July 14, 2023!
             The game lasted 03:06:28 (51028 turns).

nesea the Skinwalker (DrSh)                        Turns: 51028, Time: 03:06:29

Health: 227/227    AC: 27    Str: 22    XL:     25   Next: 74%
Magic:  27/28      EV: 44    Int: 13    God:    Wu Jian [******]
Gold:   2290       SH:  0    Dex: 42    Spells: 29/36 levels left

rFire   + . .        a - +12 pair of quick blades "Gyre" and "Gimble" {protect}
rCold   + . .        (shield currently unavailable)
rNeg    + . .        (body armour unavailable)
rPois   +            Y - +1 hat of Ruuragask {Will+}
rElec   +            s - +2 cloak {Will+}
rCorr   +            O - +2 pair of gloves {Dex+3}
SInv    .            t - +0 pair of boots of Eternal Vigilance {rElec rC+}
Will    +++..        T - amulet "Vuisionn" {Acrobat rPois rCorr Int+3}
Stlth   +++          Z - ring of Kikubaaqudgha, Lusting {Drain rC+ rN+ Str+3 Dex+8}
HPRegen 0.57/turn    B - ring "Ysowaask" {rElec rF+ rC- Str+2 Dex+8}
MPRegen 0.21/turn

%: acrobat
@: maw-form, under a protective aura, studying Invocations
A: devouring maw, breathe noxious fumes, AC +12, unfitting armour, stinger 1,
poison resistance, cold-blooded, thin skeletal structure 1, low MP 1, weak 1
0: Orb of Zot
}: 4/15 runes: decaying, serpentine, silver, abyssal
a: Breathe Noxious Fumes, Begin Untransformation, Renounce Religion, Wall Jump,
Serpent's Lash, Heavenly Storm


You escaped.
You worshipped Wu Jian.
Wu Jian was exalted by your worship.
You were a creature with a mouth for a stomach.
You visited 11 branches of the dungeon, and saw 53 of its levels.
You visited the Abyss 1 time.
You visited 2 bazaars.
You also visited: Bailey, Gauntlet and Ice Cave.

You collected 7038 gold pieces.
You spent 4748 gold pieces at shops.

Inventory:

Hand Weapons
 a - the +12 pair of quick blades "Gyre" and "Gimble" (weapon) {protect}
   (You took it off a deep elf high priest on level 5 of the Vaults)
 b - a +9 vampiric rapier
 p - the +7 Spriggan's Knife {stab, EV+4 Stlth+}
   (You found it on level 3 of the Elven Halls)

   Stab:      It is more effective when stabbing unaware enemies, sometimes
   treating them as though they were completely helpless.
   EV:        It affects your evasion (+4).
   Stlth:     It makes you more stealthy.
 y - the +9 quick blade of the Final Chapter {flame, rElec rPois}
   (You acquired it in a bailey)

   rElec:     It insulates you from electricity.
   rPois:     It protects you from poison.
Missiles
 q - 15 curare-tipped darts
 z - 42 boomerangs (quivered)
 P - 2 throwing nets
 X - 18 javelins
Armour
 l - a +2 pair of boots of flying
 s - a +2 cloak of willpower (worn)
 t - the +0 pair of boots of Eternal Vigilance (worn) {rElec rC+}
   (You found it in a Gauntlet)

   rC:        It protects you from cold.
   rElec:     It insulates you from electricity.
 O - a +2 pair of gloves of dexterity (worn)
 Y - the +1 hat of Ruuragask (worn) {Will+}
   (You found it on level 2 of the Lair of Beasts)

   Will:      It increases your willpower.
Jewellery
 r - the ring "Wacaf" {rF+ rCorr Int+6}
   (You bought it in a shop on level 2 of the Orcish Mines)

   [ring of intelligence]

   Int:       It affects your intelligence (+6).
   rF:        It protects you from fire.
   rCorr:     It protects you from acid and corrosion.
 u - a ring of willpower
 B - the ring "Ysowaask" (right hand) {rElec rF+ rC- Str+2 Dex+8}
   (You found it on level 4 of the Realm of Zot)

   [ring of protection from fire]

   Str:       It affects your strength (+2).
   Dex:       It affects your dexterity (+8).
   rF:        It protects you from fire.
   rC:        It makes you vulnerable to cold.
   rElec:     It insulates you from electricity.
 T - the amulet "Vuisionn" (around neck) {Acrobat rPois rCorr Int+3}
   (You found it in a Gauntlet)

   [amulet of the acrobat]

   It increases your evasion while moving and waiting.
   Int:       It affects your intelligence (+3).
   rPois:     It protects you from poison.
   rCorr:     It protects you from acid and corrosion.
 Z - the ring of Kikubaaqudgha, Lusting (left hand) {Drain rC+ rN+ Str+3 Dex+8}
   (You bought it in a shop on level 2 of the Orcish Mines)

   [ring of protection from cold]

   Str:       It affects your strength (+3).
   Dex:       It affects your dexterity (+8).
   rC:        It protects you from cold.
   rN:        It protects you from negative energy.
   Drain:     It drains your maximum health when unequipped.
Talismans
 m - a storm talisman
 M - a maw talisman
 W - a granite talisman
Wands
 e - a wand of iceblast (44)
 H - a wand of digging (16)
 J - a wand of polymorph (33)
 N - a wand of charming (49)
 R - a wand of acid (32)
Scrolls
 o - 25 scrolls of teleportation
 v - 3 scrolls of summoning
 D - 8 scrolls of fear
 E - 4 scrolls of vulnerability
 G - 3 scrolls of fog
 I - 2 scrolls of revelation
 K - 4 scrolls of enchant armour
 L - 11 scrolls of immolation
 Q - 6 scrolls of blinking
 U - 3 scrolls of silence
Potions
 c - 10 potions of lignification
 d - 18 potions of heal wounds
 f - 5 potions of resistance
 g - 20 potions of curing
 h - 5 potions of haste
 k - 3 potions of invisibility
 n - 8 potions of cancellation
 w - 2 potions of magic
 x - 4 potions of ambrosia
 A - 3 potions of enlightenment
 C - 5 potions of berserk rage
 F - 3 potions of mutation
 S - 3 potions of attraction
 V - 2 potions of might
Miscellaneous
 i - a condenser vane
 j - a phantom mirror


   Skills:
 - Level 19.0 Fighting
 + Level 17.5 Short Blades
 - Level 5.0 Throwing
 - Level 20.0 Dodging
 - Level 14.0 Stealth
 - Level 14.0 Shields
 - Level 12.9 Unarmed Combat
 - Level 6.0 Spellcasting
 - Level 9.0 Translocations
 - Level 3.0 Transmutations
 - Level 3.0 Earth Magic
 - Level 7.0 Evocations
 - Level 21.0 Shapeshifting


You had 29 spell levels left.
You knew the following spells:

 Your Spells              Type           Power      Damage    Failure   Level
a - Lesser Beckoning      Tloc           54%        N/A       1%          2
b - Passwall              Tmut/Erth      9%         N/A       8%          2
A - Apportation           Tloc           54%        N/A       1%          1
B - Blink                 Tloc           54%        N/A       1%          2

Your spell library contained the following spells:

 Spells                   Type           Power      Damage    Failure   Level
 Gell's Gravitas          Tloc           27%        N/A       1%          3
 Teleport Other           Tloc           27%        N/A       1%          3
 Sandblast                Erth           22%        2d7       4%          1
 Momentum Strike          Conj/Tloc      30%        3d8       4%          2
 Manifold Assault         Tloc           27%        N/A       4%          4
 Wereblood                Tmut           11%        N/A       8%          2
 Portal Projectile        Hex/Tloc       30%        N/A       8%          3
 Volatile Blastmotes      Fire/Tloc      30%        2d12      8%          3
 Freeze                   Ice            12%        1d3       17%         1
 Kiss of Death            Conj/Necr      12%        2d6       17%         1
 Magic Dart               Conj           12%        1d3       17%         1
 Necrotise                Necr           12%        1d4       17%         1
 Shock                    Conj/Air       12%        1d3       17%         1
 Slow                     Hex            12%        N/A       17%         1
 Summon Small Mammal      Summ           12%        N/A       17%         1
 Call Imp                 Summ           6%         N/A       26%         2
 Cigotuvi's Dreadful Rot  Necr/Pois/Air  6%         N/A       26%         2
 Poisonous Vapours        Pois/Air       6%         N/A       26%         2
 Scorch                   Fire           6%         2d5       26%         2
 Searing Ray              Conj           6%         2d4       26%         2
 Static Discharge         Conj/Air       6%         2-3/arc   26%         2
 Sublimation of Blood     Necr           3%         N/A       26%         2
 Stone Arrow              Conj/Erth      14%        3d7       26%         3
 Iskenderun's Mystic Bla  Conj/Tloc      15%        2d5       26%         4
 Ignite Poison            Fire/Tmut/Pois 6%         N/A       32%         3
 Petrify                  Tmut/Erth      11%        N/A       43%         4
 Call Canine Familiar     Summ           3%         N/A       45%         3
 Confusing Touch          Hex            3%         N/A       45%         3
 Dazzling Flash           Conj/Hex       6%         N/A       45%         3
 Frozen Ramparts          Ice            6%         1d1       45%         3
 Hailstorm                Conj/Ice       3%         3d3       45%         3
 Inner Flame              Hex/Fire       3%         N/A       45%         3
 Mephitic Cloud           Conj/Pois/Air  3%         N/A       45%         3
 Ozocubu's Armour         Ice            3%         N/A       45%         3
 Summon Guardian Golem    Hex/Summ       3%         N/A       45%         3
 Tukima's Dance           Hex            3%         N/A       45%         3
 Vampiric Draining        Necr           3%         2d6       45%         3
 Dispersal                Tloc           13%        N/A       54%         6
 Summon Forest            Summ/Tloc      7%         N/A       58%         5
 Leda's Liquefaction      Hex/Erth       3%         N/A       65%         4
 Lee's Rapid Deconstruct  Erth           5%         3d6*      80%         5
 Airstrike                Air            1%         2d(1-17)  86%         4
 Anguish                  Hex/Necr       1%         N/A       86%         4
 Cause Fear               Hex            1%         N/A       86%         4
 Flame Wave               Conj/Fire      3%         2d5       86%         4
 Fulminant Prism          Conj/Hex       1%         3d5       86%         4
 Sticky Flame             Conj/Fire      3%         2d3       86%         4
 Summon Lightning Spire   Summ/Air       3%         N/A       86%         4
 Alistair's Intoxication  Tmut/Pois      4%         N/A       94%         5
 Irradiate                Conj/Tmut      3%         3d12      94%         5
 Agony                    Necr           3%         N/A       99%         5
 Fireball                 Conj/Fire      1%         3d3       99%         5
 Freezing Cloud           Conj/Ice/Air   1%         6-21      99%         5
 Iskenderun's Battlesphe  Conj           3%         2d6       99%         5
 Summon Mana Viper        Hex/Summ       3%         N/A       99%         5
 Leda's Unmaking          Conj/Erth      3%         9d1       100%        6
 Starburst                Conj/Fire      1%         6d3       100%        6
 Summon Cactus Giant      Summ           1%         N/A       100%        6
 Malign Gateway           Summ/Tloc      7%         N/A       100%        7
 Orb of Destruction       Conj           1%         9d5       100%        7
 Ozocubu's Refrigeration  Ice            1%         4d7       100%        7
 Spellforged Servitor     Conj/Summ      1%         N/A       100%        7
 Summon Hydra             Summ           1%         N/A       100%        7
 Borgnjor's Revivificati  Necr           1%         N/A       100%        8
 Disjunction              Tloc           13%        N/A       100%        8
 Lehudib's Crystal Spear  Conj/Erth      3%         10d3      100%        8
 Maxwell's Capacitive Co  Air            1%         ∞         100%        8
 Summon Horrible Things   Summ           1%         N/A       100%        8
 Chain Lightning          Conj/Air       1%         3d2       100%        9
 Death's Door             Necr           1%         N/A       100%        9
 Dragon's Call            Summ           1%         N/A       100%        9
 Fire Storm               Conj/Fire      1%         8d1       100%        9
 Shatter                  Erth           5%         3d8*      100%        9
 Animate Armour           Summ/Erth      Unusable   N/A       N/A         4

Dungeon Overview and Level Annotations

Branches:
Dungeon (15/15)            Temple (1/1) D:7            Lair (5/5) D:9
  Swamp (4/4) Lair:3        Snake (4/4) Lair:2        Slime (5/5) Lair:5
    Orc (2/2) D:10            Elf (3/3) Orc:2        Vaults (5/5) D:13
  Crypt (0/3) Vaults:3     Depths (4/4) D:15            Zot (5/5) Depths:4
 Bailey (visited)           IceCv (visited)         Gauntlet (visited)

Altars:
Ashenzari
Cheibriados
Dithmenos
Elyvilon
Fedhas
Gozag
Hepliaklqana
Kikubaaqudgha
Makhleb
Nemelex Xobeh
Okawaru
Qazlal
Ru
Sif Muna
Trog
Uskayaw
Vehumet
Wu Jian
Xom
Yredelemnul
Zin
The Shining One
Jiyva
Lugonu

Shops:
D:8 *   D:15 *   Orc:2 :[==*   Elf:1 *   Snake:2 [   Snake:3 [(:!   Vaults:1 *
Vaults:4 =   Vaults:5 =   Depths:1 *   Depths:4 (

Portals:
Hell: Depths:1 Depths:2 Depths:3 Depths:4
Abyss: Depths:1 Depths:3 Depths:4
Pandemonium: Depths:1 Depths:2
Ziggurat: Depths:1

Annotations:
D:2 1 runed translucent door, Crazy Yiuf
Lair:1 2 exclusions
Lair:2 exclusion: ice statue
Lair:4 exclusion: oklob plant
Orc:1 1 runed translucent door, Kuwn's ghost, journeyman HuDe
Elf:2 3 runed translucent doors
Zot:3 36 runed doors


Innate Abilities, Weirdness & Mutations

You are a creature with a mouth for a stomach.
Your midsection houses a second, enormous mouth.
You can breathe blasts of noxious fumes.
Your lurid green scales are hard. (AC +12)
You cannot fit into any form of body armour.
Your tail ends in a venomous barb.
Your system is resistant to poisons. (rPois)
You are cold-blooded and may be slowed by cold attacks.
You have a somewhat thin skeletal structure. (Dex +2, Stealth+)
Your magical capacity is low. (-10% MP)
You are weak. (Str -2)


Message History

You climb upwards.
Level annotation: 1 runed translucent door, Crazy Yiuf
There is a stone staircase leading down here.
Magic restored.
There is a stone staircase leading up here.
You climb upwards.
There is a stone staircase leading down here.
An Orb Guardian comes into view.
Danger!
Casting: Lesser Beckoning (safe; 1% risk of failure)
Confirm with . or Enter, or press ? or * to list all spells.
Aiming: Lesser Beckoning (safe; 1% risk of failure)
Press: ? - help, Shift-Dir - straight line, f - Orb Guardian
Aim: an Orb Guardian (100% to hit)
The Orb Guardian hurls suddenly forward!
The Orb Guardian completely misses you.
You hit the Orb Guardian but do no damage.
Your weapon exudes an aura of protection.
You bite the Orb Guardian!! You puncture the Orb Guardian!
You tail-slap the Orb Guardian, but do no damage.
You bite the Orb Guardian, but do no damage.
You hit the Orb Guardian. You bite the Orb Guardian! You hit the Orb Guardian.
You bite the Orb Guardian!
The Orb Guardian is severely wounded.
The Orb Guardian completely misses you.
You hit the Orb Guardian but do no damage.
You hit the Orb Guardian. You tail-slap the Orb Guardian.
You bite the Orb Guardian! You closely miss the Orb Guardian.
You tail-slap the Orb Guardian, but do no damage.
You bite the Orb Guardian.
You kill the Orb Guardian!
The Council accepts your kill.
Aiming: Dig
Press: ? - help, Shift-Dir - straight line A rock wall.
The rock shatters into small pieces.
Blink to where?
Press: ? - help, Dir - move target
As you read the scroll of blinking, it crumbles to dust.
You have escaped!

.##.....#....####.#..............
....#.#####.................#####
.####.# #.....8....##.#######
.####.# #..##...##.##>......#
......# #...##.##..##.#####.#
......# ###..#'#..###.# #.#
...†.## ##..#'...###.# #.# .....#
#..##⌠.#..##.# #.# .....#
#..+⌠W⌠+..##.# #.# .....#
#..#.⌠##..##.#####.#
.....########..#+#..##......#.#
#######...###..#+#..##..###.#.#
..........##..##.##.....###.#.#
######....##.##...##..........###
#.#....##....8....#..###.#.#.#
#........................#...#
#.#....#..#####.#.########.#.#


There were no monsters in sight!

Vanquished Creatures
  2 dread liches (Vaults:5)
  8 orbs of fire (Zot:5)
  3 ancient liches
  A juggernaut (Depths:1)
  Josephina (Depths:4)
  4 Killer Klowns (Zot:5)
  Vashnia (Snake:3)
  Margery (Depths:3)
  3 curse toes
  Nikola (Snake:4)
  5 golden dragons
  4 electric golems
  29 Orb Guardians
  11 tentacled monstrosities
  3 liches
  Rupert (Snake:1)
  2 titans (Vaults:5)
  4 deep elf blademasters
  4 quicksilver dragons
  2 deep elf master archers (Elf:3)
  6 acid blobs
  A tentacled starspawn (Abyss:4)
  5 death cobs
  2 thorn hunters
  4 sphinxes
  6 shadow dragons
  Kirke (Swamp:4)
  A tengu reaver (Vaults:5)
  8 rockslimes
  15 storm dragons
  4 draconian monks
  A daeva (D:3)
  3 azure jellies
  8 deep elf sorcerers
  4 nagarajas
  A fenstrider witch (Swamp:2)
  5 draconian knights
  9 fire giants
  An iron dragon (Vaults:5)
  10 draconian scorchers
  3 ghost moths
  13 frost giants
  Louise (Depths:3)
  A ghoul (Swamp:4)
  7 draconian stormcallers
  8 vault wardens
  2 orc warlords
  9 draconian shifters
  8 draconian annihilators
  15 ironbound preservers
  3 deep elf elementalists
  A stone giant (shapeshifter) (Vaults:5)
  2 angels (Depths:1)
  9 stone giants
  5 formless jellyfish
  6 war gargoyles
  11 ironbound thunderhulks
  10 quicksilver oozes
  3 very ugly things
  6 vampire knights
  4 eleionomae
  9 deep elf demonologists
  13 purple draconians
  17 white draconians
  11 black draconians
  11 yellow draconians
  14 green draconians
  A minotaur (Gauntlet)
  6 spark wasps
  5 deep elf annihilators
  8 dire elephants
  11 red draconians
  8 bunyips
  14 ettins
  A blizzard demon (D:12)
  10 deep elf death magi
  8 fire dragons
  2 crystal guardians (Vaults:1)
  An entropy weaver (Vaults:1)
  9 great orbs of eyes
  The ghost of Odexios the Mimic, a journeyman OpSh of Gozag (Lair:3)
  10 yaktaur captains
  4 shambling mangroves
  4 deep elf high priests
  16 ice dragons
  9 rakshasas
  27 vault guards
  3 peacekeepers
  A jorogumo (shapeshifter) (Vaults:5)
  4 salamander tyrants
  24 hydras
  3 spriggan air magi
  14 anacondas
  6 boulder beetles
  Erolcha (D:10)
  2 ghost crabs
  A satyr (Abyss:4)
  A boulder beetle (shapeshifter) (Vaults:5)
  14 ironbound frosthearts
  2 ogre magi
  9 centaur warriors
  16 dancing weapons
  11 two-headed ogres
  An anaconda (shapeshifter) (Vaults:5)
  3 hell hogs (Depths:3)
  10 alligators
  6 naga warriors
  5 deep troll shamans
  9 tengu warriors
  6 deep troll earth magi
  4 spriggan berserkers
  A vampire mage (Depths:1)
  Urug (Lair:4)
  10 spriggans
  4 orc high priests
  17 naga sharpshooters
  7 shock serpents
  9 death yaks (Lair:4)
  4 deep elf knights (Elf:1)
  20 hell knights
  9 iron trolls
  Amaemon (D:10)
  2 salamander mystics
  A sixfirhy (Zot:2)
  A death drake (shapeshifter) (Vaults:5)
  6 goliath frogs
  41 deep trolls
  A deep troll (shapeshifter) (Depths:1)
  A flayed ghost (Depths:1)
  5 spriggan druids
  A tengu zombie (Vaults:4)
  A death drake (Gauntlet)
  9 bog bodies
  7 phantasmal warriors
  4 glowing orange brains
  8 wizards
  Pikel (D:5)
  2 orange crystal statues
  9 swamp dragons
  5 harpies
  10 ironbound convokers
  13 lindwurms
  6 deep elf archers
  6 naga ritualists
  19 deep elf pyromancers
  12 necromancers
  15 ugly things
  9 orc knights
  A fire giant zombie (Vaults:4)
  7 orc sorcerers
  14 deep elf zephyrmancers
  5 manticores
  21 salamanders
  9 mana vipers
  7 cyclopes
  4 shining eyes
  4 worldbinders (Abyss:4)
  An oklob plant (Lair:5)
  2 wolf spiders (Lair:5)
  8 will-o-the-wisps
  14 elephants
  A salamander (shapeshifter) (D:15)
  3 spectral centaurs (Gauntlet)
  26 moths of wrath
  A moth of wrath (shapeshifter) (Vaults:5)
  A centaur zombie (Gauntlet)
  11 naga magi
  47 black mambas
  2 water nymphs (Abyss:4)
  13 cane toads
  2 eyes of devastation
  7 guardian serpents
  A rust devil (Depths:2)
  10 vault sentinels
  A storm dragon simulacrum (Depths:4)
  A gargoyle (D:12)
  2 orange demons
  10 yaktaurs
  13 rime drakes
  3 unseen horrors
  A hellion (Depths:2)
  7 komodo dragons
  3 freezing wraiths
  A tengu conjurer (Depths:3)
  22 polar bears
  A golden dragon simulacrum (Depths:4)
  7 trolls
  10 tyrant leeches
  A wind drake (shapeshifter) (D:13)
  4 hellwings (Depths:2)
  2 raiju (Lair:5)
  2 bloated husks (Swamp:2)
  A tarantella (Vaults:1)
  20 blink frogs
  A raiju (shapeshifter) (D:15)
  An iron dragon simulacrum (Depths:4)
  18 hornets
  4 dream sheep (Lair:4)
  A jumping spider (shapeshifter) (D:14)
  A slime creature (shapeshifter) (Vaults:5)
  3 vampires
  93 slime creatures
  4 air elementals
  12 water elementals
  2 shadows
  A ynoxinul (Depths:2)
  4 hogs (Swamp:4)
  3 wraiths
  7 fire elementals
  11 wyverns
  43 yaks
  6 golden eyes (Slime:1)
  9 basilisks
  3 redbacks
  8 vampire mosquitoes
  A human simulacrum (Vaults:4)
  2 chaos spawn
  5 wargs
  5 large abominations (Elf:1)
  15 swamp worms
  37 nagas
  Duvessa (D:7)
  30 water moccasins
  15 hell hounds (Lair:5)
  A floating eye (shapeshifter) (Vaults:5)
  A floating eye (Depths:4)
  A sky beast (D:8)
  15 swamp drakes
  40 orc warriors
  15 ice beasts
  14 black bears
  3 ettin simulacra (Depths:3)
  4 boggarts
  11 ogres
  31 wolves
  10 centaurs
  2 lemures (D:5)
  2 phantoms (D:5)
  5 kobold brigands
  An elf zombie (Elf:1)
  14 bullfrogs
  A necrophage (Swamp:4)
  5 gnoll sergeants
  2 earth elementals
  6 scorpions
  4 wights
  Dowan (D:7)
  10 killer bees
  6 howler monkeys
  10 electric eels
  A hound (D:5)
  3 jellies
  16 orc priests
  3 iguanas
  Natasha (thrice) (D:2)
  18 orc wizards
  A small abomination (Abyss:4)
  20 gnolls
  3 adders
  2 shadow imps (D:7)
  2 white imps
  An ufetubus (D:5)
  3 worms
  7 dart slugs
  71 orcs
  14 ball pythons
  7 endoplasms
  2 giant cockroaches (D:1)
  22 goblins
  14 hobgoblins
  3 jackals (D:5)
  3 quokkas
  5 bats
  5 frilled lizards
  17 kobolds
  6 rats
  A rat zombie (D:4)
  2 butterflies (Lair:3)
2126 creatures vanquished.

Vanquished Creatures (others)
  A dread lich (Zot:5)
  An ancient lich (Zot:5)
  A bloated husk (Swamp:3)
  A water elemental (Abyss:4)
  A yak (D:11)
  A swamp worm (Swamp:3)
  A boggart (Vaults:2)
  An orc (Orc:1)
  14 foxfires
  2 starspawn tentacles (Abyss:4)
24 creatures vanquished.

Grand Total: 2150 creatures vanquished

Notes
Turn   | Place    | Note
-------+----------+-------------------------------------------
     0 | D:1      | nesea the Draconian Shapeshifter began the quest for the
                  | Orb.
     0 | D:1      | Reached XP level 1. HP: 17/17 MP: 1/1
   362 | D:1      | Reached XP level 2. HP: 24/24 MP: 2/2
   744 | D:1      | Reached skill level 1 in Short Blades
  1075 | D:2      | Found a faded altar of an unknown god.
  1080 | D:2      | Reached XP level 3. HP: 27/29 MP: 3/3
  1084 | D:2      | Noticed Natasha
  1099 | D:2      | Killed Natasha
  1209 | D:2      | Got Plato's Almanac of Darkness
  1237 | D:2      | Noticed Natasha
  1252 | D:2      | Killed Natasha
  1253 | D:2      | Reached XP level 4. HP: 33/36 MP: 4/4
  1265 | D:2      | Noticed Natasha
  1278 | D:2      | Killed Natasha
  1810 | D:2      | Found a runed translucent door.
  1811 | D:2      | Noticed Crazy Yiuf
  2141 | D:3      | Found a basalt altar of Yredelemnul.
  2281 | D:3      | Found a burning altar of Makhleb.
  2284 | D:3      | Reached XP level 5. HP: 41/41 MP: 5/5
  2549 | D:3      | Found a bloodstained altar of Trog.
  2612 | D:3      | Found an ornate altar of the Wu Jian Council.
  2993 | D:4      | Found a faded altar of an unknown god.
  3041 | D:4      | Reached XP level 6. HP: 44/51 MP: 6/6
  3049 | D:4      | Reached skill level 4 in Shapeshifting
  3166 | D:4      | Found an ancient bone altar of Kikubaaqudgha.
  3245 | D:4      | Reached skill level 1 in Shields
  3853 | D:5      | Entered Level 5 of the Dungeon
  4067 | D:5      | Noticed an ice beast
  4075 | D:5      | Killed an ice beast
  4291 | D:5      | Your scales start taking on a lurid green colour.
  4291 | D:5      | Reached XP level 7. HP: 51/57 MP: 7/7
  4291 | D:5      | Gained mutation: Your system is resistant to poisons.
                  | (rPois) [Green Draconian growth]
  4377 | D:5      | Reached skill level 5 in Short Blades
  4684 | D:5      | Noticed Pikel
  4733 | D:5      | Killed Pikel
  4734 | D:5      | Reached skill level 5 in Shapeshifting
  4734 | D:5      | Reached skill level 6 in Shapeshifting
  4734 | D:5      | Reached XP level 8. HP: 60/63 MP: 8/8
  4886 | D:5      | Upgraded the game from 0.31-a0-240-gb923e448b6 to
                  | 0.31-a0-267-g3fc6992b3b
  5054 | D:5      | Found an iron altar of Okawaru.
  5138 | D:6      | Reached skill level 1 in Stealth
  5187 | D:6      | Reached skill level 7 in Shapeshifting
  5194 | D:6      | Found a broken altar of Ashenzari.
  5786 | D:6      | Reached XP level 9. HP: 54/71 MP: 9/9
  6300 | D:7      | Noticed Dowan
  6306 | D:7      | Noticed Duvessa
  6425 | D:7      | Found a staircase to the Ecumenical Temple.
  6432 | Temple   | Entered the Ecumenical Temple
  6584 | D:3      | Became a worshipper of the Wu Jian Council
  6809 | D:7      | Reached skill level 5 in Shields
  6879 | D:7      | Killed Duvessa
  6880 | D:7      | Killed Dowan
  6907 | D:7      | Reached skill level 5 in Stealth
  7390 | D:8      | Found a flagged portal.
  7395 | D:8      | Noticed a two-headed ogre
  7398 | Bailey   | Entered a bailey
  7427 | Bailey   | Reached * piety under Wu Jian
  7592 | Bailey   | Reached skill level 5 in Fighting
  7871 | Bailey   | Reached skill level 5 in Dodging
  7871 | Bailey   | Reached XP level 10. HP: 35/81 MP: 10/10
  7985 | Bailey   | Reached ** piety under Wu Jian
  8096 | Bailey   | Noticed an orc warlord
  8163 | Bailey   | Killed an orc warlord
  8257 | Bailey   | Identified the +4 helmet "Isyzed" {Drain rN+ Str+6 Dex-5}
  8340 | Bailey   | Acquired the +9 quick blade of the Final Chapter {flame,
                  | rElec rPois}
  8432 | D:8      | Killed a two-headed ogre
  8433 | D:8      | Reached skill level 8 in Shapeshifting
  8497 | D:8      | Found Vioqiy's Changing Room.
  8525 | D:8      | Bought a maw talisman for 520 gold pieces
  8980 | D:8      | Learned a level 1 spell: Apportation
  9055 | D:9      | Reached *** piety under Wu Jian
  9056 | D:9      | Reached XP level 11. HP: 83/86 MP: 11/11
  9068 | D:9      | Reached skill level 9 in Shapeshifting
  9204 | D:9      | Found a stormy altar of Qazlal.
  9275 | D:9      | Found a staircase to the Lair.
  9625 | D:10     | Entered Level 10 of the Dungeon
  9646 | D:10     | Reached skill level 10 in Shapeshifting
  9809 | D:10     | Noticed Amaemon
  9829 | D:10     | Killed Amaemon
  9830 | D:10     | Reached skill level 10 in Short Blades
  9873 | D:10     | Noticed Erolcha
  9896 | D:10     | Found a staircase to the Orcish Mines.
  9907 | D:10     | Reached **** piety under Wu Jian
 10224 | D:10     | Found a blossoming altar of Fedhas.
 10433 | Orc:1    | Entered Level 1 of the Orcish Mines
 10553 | Orc:1    | Found a runed translucent door.
 10557 | Orc:1    | Noticed Kuwn's ghost (journeyman HuDe)
 10629 | Orc:1    | Noticed an orc sorcerer
 10635 | Orc:1    | Killed an orc sorcerer
 10635 | Orc:1    | Reached ***** piety under Wu Jian
 10672 | Orc:1    | Noticed an orc high priest
 10675 | Orc:1    | Noticed an orc knight
 10683 | Orc:1    | Noticed an orc sorcerer
 10686 | Orc:1    | Killed an orc high priest
 10689 | Orc:1    | Reached XP level 12. HP: 78/101 MP: 12/12
 11044 | Lair:1   | Entered Level 1 of the Lair of Beasts
 11808 | Lair:2   | Identified the +1 hat of Ruuragask {Will+}
 12337 | Lair:2   | Found a staircase to the Snake Pit.
 12711 | Lair:3   | Found a transporter.
 12831 | Lair:3   | Found a transporter.
 12836 | Lair:3   | Noticed Odexios's ghost (journeyman OpSh)
 12837 | Lair:3   | Noticed a five-headed hydra
 12863 | Lair:3   | You fall into a shaft and drop 1 floor!
 12870 | Lair:4   | Reached XP level 13. HP: 103/107 MP: 13/13
 12918 | Lair:4   | Reached ****** piety under Wu Jian
 12974 | Lair:4   | Noticed Urug
 12992 | Lair:4   | Killed Urug
 13184 | Lair:3   | Got the Octavo of the Gargoyle
 13565 | Lair:3   | Found a staircase to the Swamp.
 13748 | Lair:3   | Killed Odexios's ghost
 13759 | Lair:3   | Identified the ring of Xom's Entertainment {Ice Dex+5}
 14041 | Lair:4   | Reached skill level 1 in Throwing
 14089 | Lair:4   | Reached skill level 10 in Dodging
 14558 | Lair:5   | Entered Level 5 of the Lair of Beasts
 14594 | Lair:5   | Reached skill level 10 in Fighting
 14595 | Lair:5   | Reached skill level 1 in Evocations
 14600 | Lair:5   | Gained mutation: Your tail ends in a venomous barb. [Green
                  | Draconian growth]
 14600 | Lair:5   | Reached XP level 14. HP: 121/121 MP: 14/14
 14623 | Lair:5   | Identified the +4 rapier "Natapeuc" {flame, *Slow rC+
                  | Str+2}
 14966 | Lair:5   | Reached skill level 5 in Evocations
 15019 | Lair:5   | Found a viscous altar of Jiyva.
 15478 | Lair:5   | Reached skill level 10 in Shields
 16018 | Orc:2    | Entered Level 2 of the Orcish Mines
 16018 | Orc:2    | Found Oprarel's Book Boutique.
 16022 | Orc:2    | Reached skill level 1 in Translocations
 16032 | Orc:2    | Reached skill level 1 in Spellcasting
 16041 | Orc:2    | Found a staircase to the Elven Halls.
 16612 | Orc:2    | Reached XP level 15. HP: 120/126 MP: 17/19
 16700 | Orc:2    | Found Zaalaeb's Assorted Antiques.
 16712 | Orc:2    | Found Ohuopsurue's Jewellery Emporium.
 16717 | Orc:2    | Found Bubephuf's Jewellery Emporium.
 16719 | Orc:2    | Bought a metallic white potion for 31 gold pieces
 16719 | Orc:2    | Bought a scroll labelled ZIDEEPPEUFA for 35 gold pieces
 16724 | Orc:2    | Found Cosilu's Armour Shop.
 16733 | Orc:2    | Bought a +0 cloak of preservation for 184 gold pieces
 16740 | Orc:2    | Bought the ring of Kikubaaqudgha, Lusting {Drain rC+ rN+
                  | Str+3 Dex+8} for 805 gold pieces
 16753 | Orc:2    | Bought a scorched tin ring for 175 gold pieces
 16753 | Orc:2    | Identified the ring "Wacaf" {rF+ rCorr Int+6} (You bought
                  | it in a shop on level 2 of the Orcish Mines)
 17050 | D:10     | Killed Erolcha
 18057 | D:12     | Identified the +4 trident "Ompo" {flame, *Corrode rElec
                  | Int+7}
 18686 | D:13     | Found a gate to the Vaults.
 19353 | D:14     | Found a sacrificial altar of Ru.
 19440 | D:14     | Noticed a frost giant
 19447 | D:14     | Killed a frost giant
 20047 | D:15     | Entered Level 15 of the Dungeon
 20090 | D:15     | Found a staircase to the Depths.
 20090 | D:15     | Noticed a fire giant
 20092 | D:15     | Found Ciyhaos's Blood Bar.
 20115 | D:15     | Found a gate leading to a gauntlet.
 20124 | Gauntlet | Entered a Gauntlet
 20124 | Gauntlet | Found a transporter.
 20127 | Gauntlet | Found a transporter.
 20147 | Gauntlet | Found a transporter.
 20147 | Gauntlet | Found a transporter.
 20165 | Gauntlet | Found a transporter.
 20178 | Gauntlet | Found a transporter.
 20191 | Gauntlet | Found a transporter.
 20211 | Gauntlet | Found a transporter.
 20215 | Gauntlet | Found a transporter.
 20224 | Gauntlet | Found a transporter.
 20245 | Gauntlet | Found a transporter.
 20249 | Gauntlet | Found a transporter.
 20253 | Gauntlet | Found a runed translucent door.
 20254 | Gauntlet | Found a runed translucent door.
 20320 | Gauntlet | Identified the +0 pair of boots of Eternal Vigilance {rElec
                  | rC+}
 20369 | Gauntlet | Identified the amulet "Vuisionn" {Acrobat rPois rCorr
                  | Int+3}
 20601 | D:15     | Found a frozen archway.
 20608 | IceCv    | Entered an ice cave
 20615 | IceCv    | Reached XP level 16. HP: 134/134 MP: 20/20
 21806 | D:15     | Identified the +8 hand axe of Insufficient Pleasure {drain,
                  | Will+ Str+2}
 22577 | Snake:1  | Entered Level 1 of the Snake Pit
 22618 | Snake:1  | Noticed Rupert
 22628 | Snake:1  | Killed Rupert
 22731 | Snake:1  | Reached skill level 10 in Stealth
 22840 | Snake:1  | Got the Writings on Creeping Incandescence
 23687 | Lair:2   | Identified the +1 leather armour of the Desolation of Salt
                  | {rPois SInv}
 23861 | Snake:2  | Found Tatwer's Armour Emporium.
 23964 | Snake:2  | Found an opulent altar of Gozag.
 24015 | Snake:2  | Reached XP level 17. HP: 135/140 MP: 23/23
 24170 | Snake:3  | Reached skill level 5 in Translocations
 24177 | Snake:3  | Learned a level 2 spell: Blink
 24180 | Snake:3  | Learned a level 2 spell: Lesser Beckoning
 24208 | Snake:3  | Reached skill level 5 in Spellcasting
 24303 | Snake:3  | Noticed Vashnia
 24363 | Snake:3  | Killed Vashnia
 24649 | Snake:3  | Found Plog's Distillery.
 24649 | Snake:3  | Found Ziruorph's Armour Shoppe.
 24650 | Snake:3  | Found Qamac's Book Emporium.
 24654 | Snake:3  | Found Niegg's Weapon Shoppe.
 24673 | Snake:3  | Bought a +2 pair of boots of flying for 322 gold pieces
 25029 | Snake:4  | Entered Level 4 of the Snake Pit
 25812 | Snake:4  | Noticed Nikola
 25819 | Snake:4  | Killed Nikola
 26276 | D:15     | Bought a +0 vampiric rapier for 252 gold pieces
 26554 | Snake:4  | Reached skill level 11 in Shapeshifting
 26752 | Snake:4  | Reached XP level 18. HP: 158/158 MP: 27/27
 26761 | Snake:4  | Got a serpentine rune of Zot
 26926 | Swamp:1  | Entered Level 1 of the Swamp
 27442 | Swamp:2  | Reached skill level 12 in Shapeshifting
 28197 | Swamp:3  | Reached skill level 13 in Shapeshifting
 28440 | Swamp:4  | Entered Level 4 of the Swamp
 28596 | Swamp:4  | Reached skill level 14 in Shapeshifting
 28638 | Swamp:4  | Got a decaying rune of Zot
 29044 | Swamp:4  | Noticed Kirke
 29049 | Swamp:4  | Killed Kirke
 29050 | Swamp:4  | Reached XP level 19. HP: 167/167 MP: 28/28
 29279 | Swamp:4  | Reached skill level 15 in Shapeshifting
 29500 | Elf:1    | Entered Level 1 of the Elven Halls
 29510 | Elf:1    | Paralysed by an air elemental for 1 turns
 29687 | Elf:1    | Found Piomirr's General Store.
 29692 | Elf:1    | Found Baib's Antique Weapon Boutique.
 29855 | Elf:1    | Got Kikubaaqudgha's Quarto of the Undead
 30505 | Elf:2    | Found a runed translucent gate.
 30512 | Elf:2    | Reached skill level 5 in Throwing
 30516 | Elf:2    | Found a runed translucent gate.
 30645 | Elf:2    | Identified the amulet "Ymnett" {RegenMP Dex+4}
 30719 | Elf:2    | Found a runed translucent gate.
 30956 | Elf:3    | Entered Level 3 of the Elven Halls
 31544 | Elf:2    | Found a radiant altar of Vehumet.
 31623 | Elf:3    | Reached skill level 15 in Dodging
 31712 | Elf:3    | Found the +7 Spriggan's Knife {stab, EV+4 Stlth+}
 31932 | Elf:3    | Identified the +6 halberd of Heketas {freeze, rCorr Int+3
                  | SInv}
 31933 | Elf:3    | Found the +8 storm bow {elec, penet}
 31942 | Elf:3    | Got Osanyg's Annotations on Airy Trauma
 31943 | Elf:3    | Identified the +6 rapier of the Desolation of Salt {speed,
                  | rElec MP+9}
 31954 | Elf:3    | Identified the +10 plate armour "Kaxkat" {rPois Dex+3}
 32082 | Elf:3    | Identified the +8 demon trident "Giops" {protect, rPois}
 32082 | Elf:3    | Identified the ring of Wadiad {rPois Will- rCorr Int+3
                  | Stlth+}
 32098 | Elf:3    | Identified the ring "Fuililin" {rC+ Str-3 Dex+6 Slay+5}
 32118 | Elf:3    | Identified the +8 war axe "Fafub" {holy, rPois Int+3}
 32135 | Elf:3    | Identified the staff "Lokk" {Fragile rElec rC++ Will+++
                  | Dex+3 Air}
 32219 | Elf:3    | Identified the +2 pair of boots of Generosity {rElec Int+4}
 32249 | Elf:3    | Identified the +3 morningstar "Raackuegh" {flame, Dex+3}
 32527 | Orc:2    | Bought a granite talisman for 1440 gold pieces
 33148 | Vaults:1 | Entered Level 1 of the Vaults
 33763 | Vaults:1 | Reached XP level 20. HP: 174/174 MP: 29/29
 33965 | Vaults:1 | Found Viqischa's Assorted Antiques.
 33973 | Vaults:1 | Bought a scroll of blinking for 247 gold pieces
 34556 | Vaults:2 | Found a flickering gateway to a bazaar.
 34574 | Bazaar   | Entered a bazaar
 34574 | Bazaar   | Found Somipydi's Weapon Emporium.
 34574 | Bazaar   | Found Teonkuh's Antique Armour Emporium.
 34575 | Bazaar   | Found Cuegag's Assorted Antiques.
 34575 | Bazaar   | Found Qesea's Assorted Antiques.
 34594 | Bazaar   | Bought a scroll of revelation for 165 gold pieces
 34598 | Bazaar   | Bought a runed cloak for 150 gold pieces
 34822 | Vaults:2 | Reached skill level 15 in Fighting
 35854 | Vaults:3 | Found a staircase to the Crypt.
 35854 | Vaults:3 | Found an ancient bone altar of Kikubaaqudgha.
 35855 | Vaults:3 | Found a basalt altar of Yredelemnul.
 36553 | Vaults:4 | Found Raanlulo's Jewellery Shoppe.
 36905 | Vaults:4 | Reached XP level 21. HP: 67/194 MP: 30/30
 37275 | Depths:1 | Entered Level 1 of the Depths
 37289 | Depths:1 | Found a one-way gateway to a ziggurat.
 37311 | Depths:1 | Found Ivibah's Assorted Antiques.
 37318 | Depths:1 | Bought a scroll labelled ILLORO DEFE for 32 gold pieces
 37544 | Depths:1 | Reached skill level 16 in Shapeshifting
 37590 | Depths:1 | Found a gateway to Hell.
 37701 | Depths:1 | Found a corrupted altar of Lugonu.
 37701 | Depths:1 | Found a one-way gate to the infinite horrors of the Abyss.
 37885 | Depths:1 | Noticed a juggernaut
 37894 | Depths:1 | Killed a juggernaut
 38029 | Depths:1 | Found a one-way gate leading to the halls of Pandemonium.
 38449 | Depths:2 | Learned a level 2 spell: Passwall
 38566 | Depths:2 | Reached skill level 17 in Shapeshifting
 38998 | Depths:2 | Identified the +3 ring mail of Ukivum {Dex+5}
 39137 | Depths:2 | Identified the +6 war axe of Ancient Evil {speed, rN+
                  | Str+3}
 39361 | Depths:2 | Identified the amulet of Oshuorch {Regen+ Int+3}
 39546 | Depths:3 | Identified the +4 quarterstaff of Pandemonium {spect, rPois
                  | Str+3}
 39578 | Depths:3 | Reached skill level 18 in Shapeshifting
 39604 | Depths:3 | Noticed Margery
 39644 | Depths:3 | Killed Margery
 39677 | Abyss:2  | Found a corrupted altar of Lugonu.
 39677 | Abyss:2  | Cast into level 2 of the Abyss (hell knight)
 39823 | Abyss:4  | Reached XP level 22. HP: 202/202 MP: 31/31
 39868 | Abyss:4  | Got an abyssal rune of Zot
 39876 | Depths:3 | Escaped the Abyss
 40018 | Depths:3 | Noticed Louise
 40027 | Depths:3 | Killed Louise
 40042 | Depths:3 | Reached skill level 19 in Shapeshifting
 40860 | Depths:4 | Entered Level 4 of the Depths
 40965 | Depths:4 | Found a flickering gateway to a bazaar.
 40977 | Bazaar   | Entered a bazaar
 40977 | Bazaar   | Found Byuroxik's Antique Weapon Shop.
 40989 | Bazaar   | Found Ynolod's Antique Armour Shop.
 41015 | Bazaar   | Found Zouhoakh's Distillery.
 41023 | Bazaar   | Bought a potion of mutation for 88 gold pieces
 41023 | Bazaar   | Bought a potion of haste for 110 gold pieces
 41043 | Bazaar   | Bought a glowing scarf for 192 gold pieces
 41170 | Depths:4 | Found Guutwuz's Antique Weapon Boutique.
 41403 | Depths:4 | Identified the ring "Waudgh" {Ice rPois Str+3 Stlth+}
 41403 | Depths:4 | Noticed Josephina
 41575 | Depths:4 | Killed Josephina
 41801 | Depths:4 | Found a gate to the Realm of Zot.
 42230 | Vaults:5 | Entered Level 5 of the Vaults
 42242 | Vaults:5 | Reached skill level 5 in Unarmed Combat
 42243 | Vaults:5 | Reached skill level 20 in Shapeshifting
 42331 | Vaults:5 | Got a silver rune of Zot
 42332 | Vaults:5 | Identified the +4 scimitar "Hellblazer" {pain, rN+++ Will-
                  | Str-2 Stlth+}
 42339 | Vaults:5 | Noticed a dread lich
 42344 | Vaults:5 | Paralysed by a dread lich for 5 turns
 42350 | Vaults:5 | Killed a dread lich
 42453 | Vaults:5 | Identified the +7 great sword of Haniej {flame, rElec rN+
                  | Will-}
 42546 | Vaults:5 | Identified the +1 ring mail of the Evil One {+Inv rF+
                  | Stlth+}
 42594 | Vaults:5 | Reached skill level 21 in Shapeshifting
 42594 | Vaults:5 | Reached XP level 23. HP: 209/209 MP: 32/32
 42735 | Vaults:5 | Identified the +2 flail "Uvvell" {flame, rElec Str+3
                  | Stlth+}
 42893 | Vaults:5 | Noticed a dread lich
 42910 | Vaults:5 | Killed a dread lich
 42988 | Vaults:5 | Identified the staff of Precise Incision {rElec rF- rC+
                  | Dex+2 Stlth+ Ice}
 43129 | Vaults:5 | Found Mech's Jewellery Shoppe.
 43874 | Lair:5   | Found a staircase to the Slime Pits.
 43885 | Slime:1  | Entered Level 1 of the Pits of Slime
 43905 | Slime:1  | Reached skill level 10 in Unarmed Combat
 44823 | Slime:3  | Found a viscous altar of Jiyva.
 45101 | Slime:5  | Entered Level 5 of the Pits of Slime
 45127 | Slime:3  | Gained mutation: You are weak. (Str -2) [a shining eye]
 45137 | Slime:3  | Gained mutation: You occasionally lose the ability to drink
                  | potions when taking damage. [a shining eye]
 45139 | Slime:3  | Lost mutation: You occasionally lose the ability to drink
                  | potions when taking damage. [potion of mutation]
 45139 | Slime:3  | Lost mutation: You are weak. (Str -2) [potion of mutation]
 45139 | Slime:3  | Gained mutation: Your magical capacity is low. (-10% MP)
                  | [potion of mutation]
 45763 | Zot:1    | Entered Level 1 of the Realm of Zot
 45913 | Zot:1    | Noticed a curse toe
 45916 | Zot:1    | Killed a curse toe
 46182 | Zot:1    | Noticed a curse toe
 46185 | Zot:1    | Killed a curse toe
 46744 | Zot:2    | Reached XP level 24. HP: 216/216 MP: 28/28
 46758 | Zot:2    | Reached skill level 1 in Transmutations
 46758 | Zot:2    | Reached skill level 1 in Earth Magic
 46882 | Zot:2    | You fall into a shaft and drop 2 floors!
 46929 | Zot:3    | Found a huge runed gate.
 46929 | Zot:3    | Found a huge runed gate.
 46929 | Zot:3    | Found a huge runed gate.
 46929 | Zot:3    | Found a huge runed gate.
 46929 | Zot:3    | Found a huge runed gate.
 46929 | Zot:3    | Found a huge runed gate.
 46929 | Zot:3    | Found a huge runed gate.
 46930 | Zot:3    | Found a huge runed gate.
 46931 | Zot:3    | Found a huge runed gate.
 46931 | Zot:3    | Found a huge runed gate.
 46935 | Zot:3    | Noticed an orb of fire
 46935 | Zot:3    | Noticed a dread lich
 46935 | Zot:3    | Noticed a dread lich
 46935 | Zot:3    | Noticed an orb of fire
 46935 | Zot:3    | Found a huge runed gate.
 46935 | Zot:3    | Found a huge runed gate.
 46935 | Zot:3    | Found a huge runed gate.
 46935 | Zot:3    | Found a huge runed gate.
 46935 | Zot:3    | Found a huge runed gate.
 46935 | Zot:3    | Found a huge runed gate.
 46935 | Zot:3    | Found a huge runed gate.
 46935 | Zot:3    | Found a huge runed gate.
 46935 | Zot:3    | Found a huge runed gate.
 46935 | Zot:3    | Found a huge runed gate.
 46935 | Zot:3    | Found a huge runed gate.
 46935 | Zot:3    | Found a huge runed gate.
 46936 | Zot:3    | no
 47625 | Zot:3    | Identified the +1 robe "Ycluwkov" {rElec rC+++ rCorr MP-9}
 48103 | Zot:3    | Found a huge runed gate.
 48103 | Zot:3    | Found a huge runed gate.
 48104 | Zot:3    | Found a huge runed gate.
 48106 | Zot:3    | Found a huge runed gate.
 48107 | Zot:3    | Found a huge runed gate.
 48108 | Zot:3    | Found a huge runed gate.
 48108 | Zot:3    | Found a huge runed gate.
 48109 | Zot:3    | Found a huge runed gate.
 48339 | Zot:3    | Found a huge runed gate.
 48341 | Zot:3    | Found a huge runed gate.
 48343 | Zot:3    | Found a huge runed gate.
 48343 | Zot:3    | Found a huge runed gate.
 48350 | Zot:3    | Found a huge runed gate.
 48350 | Zot:3    | Found a huge runed gate.
 48750 | Zot:4    | Identified the ring "Ysowaask" {rElec rF+ rC- Str+2 Dex+8}
 49194 | Zot:5    | Entered Level 5 of the Realm of Zot
 49807 | Zot:5    | Noticed an orb of fire
 49808 | Zot:5    | Noticed an orb of fire
 49814 | Zot:5    | Killed an orb of fire
 49816 | Zot:5    | Noticed an orb of fire
 49819 | Zot:5    | Killed an orb of fire
 49820 | Zot:5    | Noticed an ancient lich
 49822 | Zot:5    | Noticed an orb of fire
 49823 | Zot:5    | Killed an orb of fire
 49829 | Zot:5    | Gained mutation: You have a somewhat thin skeletal
                  | structure. (Dex +2, Stealth+) [an orb of fire]
 49831 | Zot:5    | Killed an orb of fire
 49835 | Zot:5    | Killed an ancient lich
 49836 | Zot:5    | Reached XP level 25. HP: 170/224 MP: 28/28
 49867 | Zot:5    | Noticed a Killer Klown
 49869 | Zot:5    | Noticed a dread lich
 49871 | Zot:5    | Noticed a Killer Klown
 49874 | Zot:5    | Killed a Killer Klown
 49884 | Zot:5    | Paralysed by something for 3 turns
 49894 | Zot:5    | Killed a Killer Klown
 49896 | Zot:5    | Killed a dread lich
 50012 | Zot:5    | Noticed an ancient lich
 50029 | Zot:5    | Noticed an orb of fire
 50029 | Zot:5    | Gained mutation: You are weak. (Str -2) [an orb of fire]
 50032 | Zot:5    | Noticed an orb of fire
 50033 | Zot:5    | Killed an orb of fire
 50036 | Zot:5    | Noticed an orb of fire
 50037 | Zot:5    | Killed an orb of fire
 50039 | Zot:5    | Noticed an orb of fire
 50040 | Zot:5    | Killed an ancient lich
 50045 | Zot:5    | Killed an orb of fire
 50046 | Zot:5    | Noticed a Killer Klown
 50046 | Zot:5    | Noticed a Killer Klown
 50048 | Zot:5    | Noticed an ancient lich
 50050 | Zot:5    | Reached skill level 15 in Short Blades
 50052 | Zot:5    | Killed an orb of fire
 50053 | Zot:5    | Killed a Killer Klown
 50059 | Zot:5    | Killed an ancient lich
 50064 | Zot:5    | Killed a Killer Klown
 50495 | Zot:5    | Got the Orb of Zot
 50893 | D:8      | Noticed Faoqam the pandemonium lord
 50893 | D:8      | Noticed an ancient lich
 50893 | D:8      | Noticed an ancient lich
 50899 | D:7      | Killed an ancient lich
 51028 | D:$      | Escaped with the Orb!

Illustrated notes

**,,***,,,,,,,,,,,,,,,,***,
*******,,######.........,,,,,* **
*,,,,,,,*#####...++++++++++,,* *
,,,,.,,**#####...++++++++++,,*
,,,,..,* #####...++++++++++,,*
***,...#######...+++y9yy+++,,*
***,.....:....#$.+++*qq9+++,,****
**,,.............+++LXyX+++,,,,,*
*,,,#......>....W+++9L*z+++,,,,,,
,,**#.........#..++++++++++,,****
,** #.........#..++++++++++,,* **
#....#....#..++++++++++,,*
*#........##.........,,,,,**
**....................,,,,,,*
**,..######..####......****,,*
**,,.#* ##...#######...****,,*
,,,*** *...# ***,,**,,,**


Turn 46936 on Zot:3: no

Levels and vault maps discovered:
D:1:      grunt_arrival_crossed_arrows, layout_basic, minmay_split_cup_small
D:2:      layout_loops_ring, shapermc_ecumenical_altar_rom_forum,
          minmay_pentomino_r2, uniq_natasha, uniq_crazy_yiuf_cottage
D:3:      layout_basic, nicolae_wu_jian_glorious_leap,
          mainiacjoe_overflow_boulevard,
          chequers_temple_overflow_statue_of_worship
D:4:      wad_lake_hut, layout_cave_pods, lemuel_zombie_altar_kikubaaqudgha,
          serial_column_ruins, column_ruins_temple_hall,
          column_ruins_hut_ruined, column_ruins_columns_corner,
          column_ruins_grid_1, column_ruins_open_tiny,
          column_ruins_columns_straight, nicolae_grassy_gnolls
D:5:      layout_loops_corners, okawaru_metal_pillars_1_2, uniq_pikel
D:6:      kennysheep_slugbush, layout_loops_ring, lemuel_coloured_pillars_altar
D:7:      nicolae_BIG_FREAKIN_CUBE, layout_gridville, uniq_duvessa
D:8:      layout_cave_pools, enter_bailey_5, minmay_misc_feat_five,
          nicolae_transmutations_shop, chequers_serial_rivers_micro_c,
          lemuel_flame_loot_1
D:9:      layout_roguey, amcnicky_altar_gilded, due_lair_maze_entry_diamond,
          grunt_decor_mini_mirrors
D:10:     layout_roguey, mainiacjoe_overflow_surrounded_room,
          kennysheep_orc_monster_closet_entryway, serial_bayou,
          serial_bayou_lagoon_a, serial_bayou_pond_e, serial_bayou_crossing,
          serial_bayou_lake_a, serial_bayou_pond_e, uniq_erolcha, uniq_amaemon
D:11:     layout_cave_pools
D:12:     layout_stronghold
D:13:     layout_stronghold, erik_vaults_1
D:14:     minmay_glassy_protrusions, layout_basic, nicolae_ru_awakened_eye
D:15:     grunt_enter_depths_giant_problem, layout_layer_cave, abandoned_shop,
          gauntlet_entry_generic, portal_ice_cave_entry_pillars_three,
          guppyfry_shop_blood
Temple:   cyrus_circular_temple
Lair:1:   layout_roguey, nicolae_lair_liquid_snakes
Lair:2:   layout_regular_city, minmay_snake_entry_guardpost_large, ice2_lemuel
Lair:3:   layout_cave_pods, minmay_swamp_entry_worms,
          gammafunk_ghost_berserking_beasts, lemuel_fruit_fields,
          infiniplex_staircase_pool
Lair:4:   layout_cave_pods, minmay_lair_oklob_bushes, beast_lair_carwin_2,
          uniq_urug
Lair:5:   hangedman_lair_caniforms_friends, layout_small_grid,
          hangedman_lair_tendril_chambers, minmay_slime_entry_oklob_enclosed
Swamp:1:  nicolae_swamp_ascending_descending, layout_basic_swamp,
          nicolae_swamp_tree_isthmus
Swamp:2:  layout_falls_marsh, hangedman_swamp_blocks, swamp_pool2,
          nicolae_swamp_spooky_pond
Swamp:3:  layout_basic_swamp, nicolae_swamp_orc_logging_accident, swamp_pool3
Swamp:4:  swamp_basic_johnstein, layout_basic_swamp,
          nicolae_swamp_catching_bugs, uniq_kirke
Snake:1:  layout_onion, uniq_rupert
Snake:2:  layout_rooms, special_room, serial_shops, nicolae_shop_trees,
          basic_altar, lemuel_fruit_tree, serial_bayou_shore_b
Snake:3:  layout_misc_corridors, minmay_shoptagon, uniq_vashnia
Snake:4:  snake_pit_salamanders_mu, layout_cave_town,
          nicolae_twisty_statue_hallways, uniq_nikola
Slime:1:  layout_caves, special_room [special_room_jelly]
Slime:2:  layout_caves, nicolae_slime_phagocytosis
Slime:3:  layout_caves, basic_altar
Slime:4:  layout_caves
Slime:5:  slime_pit_nicolae_trefoil
Orc:1:    layout_diamond_mine, hellmonk_ghost_happy_afterlife,
          lemuel_statue_altar, mines4_lemuel
Orc:2:    st_orc_elflike, layout_diamond_mine, serial_shops,
          nicolae_shop_tiny_statue_garden
Elf:1:    eino_elf_arrival_the_gate, layout_loops_corners,
          minmay_elf_necromancy, minmay_shop_star
Elf:2:    elven_hall_of_blades_hangedman_original [nicolae_blade_lattice],
          layout_onion_city, minmay_strange_pillars, grunt_ministairs_8,
          lemuel_upstairs_altar
Elf:3:    grunt_elf_hall_spiral, layout_geoelf_grid, minmay_misc_feat_alley
Vaults:1: nicolae_vaults_trapezoid_lopsided_4, nicolae_vaults_closet_pinwheel_1,
          nicolae_vaults_house_3, nicolae_vaults_murder_corner,
          dpeg_vaults_monster_box, nicolae_vaults_layer_cake_slice,
          nicolae_vaults_yaktaur_gun_rack, nicolae_vaults_house_2,
          nicolae_vaults_six-pack, layout_vaults_omnicross, serial_shops, shop
Vaults:2: ontoclasm_vaults_loading_screen, nicolae_vaults_double_plus_3,
          nicolae_vaults_wine_cellar, vaults_room_semicircle,
          vaults_room_large_hall, nicolae_vaults_spaceships, v_alt_pattern_2,
          nicolae_vaults_turnstiles, nicolae_vaults_tetromino_Z_2,
          nicolae_vaults_layer_cake_slice, grunt_vaults_funnel,
          hangedman_vaults_trim, layout_vaults_ring, serial_shops, freezing_bzr
Vaults:3: nicolae_vaults_double_plus_2, minmay_crypt_entry_necro_gods,
          nicolae_vaults_tetromino_L_2, ontoclasm_vaults_hangar,
          layout_vaults_omnigrid
Vaults:4: vaults_dpeg_diagonal, st_hourglassy, v_misc_4,
          vaults_standard_mumra_enter_the_diamond,
          ontoclasm_vaults_loading_screen, ontoclasm_vaults_decontamination,
          grunt_vaults_hallway_short, v_rooms_1, vaults_dpeg_hooks, v_misc_27,
          hangedman_vaults_corner_blocks, layout_vaults_maze, serial_shops,
          nicolae_lakefront_shop
Vaults:5
Depths:1: minmay_the_grid_octo_tiled_squarecenter
          [minmay_the_grid_octo_odd_swirl, minmay_the_grid_octo_fan_narrow,
          minmay_the_grid_octo_clover_2, minmay_the_grid_octo_vomiting_pacman,
          minmay_the_grid_square_5x5_megaprize_diamond,
          minmay_the_grid_square_5x5_eight_small,
          minmay_the_grid_square_5x5_corner,
          minmay_the_grid_square_5x5_inverted_slash,
          minmay_the_grid_square_5x5_shrine2], layout_honeycomb,
          enter_ziggurat_f, serial_shops, shop, hell_entry,
          rand_demon_pan_entry_5, abyss_entry_flame_altar, item_on_display_a,
          serial_bayou_shore_b
Depths:2: cheibrodos_lost_city_excavation, layout_twisted_cross, hell_entry,
          rand_demon_pan_entry_7, hangedman_decor_clover_reticule,
          horrible_house_mu
Depths:3: hangedman_elemental_death_ray, layout_basic,
          nicolae_abyss_entry_one_way_or_another, minmay_crystal_room,
          serial_sigils, serial_sigils_hangedman_gnaw,
          serial_sigils_hangedman_stare, serial_sigils_hangedman_etch,
          serial_sigils_hangedman_quiver, serial_sigils_hangedman_clutch,
          grunt_hell_entry_dis_grunt, uniq_margery
Depths:4: evilmike_zot_entry_argh, layout_gridlike, serial_shops,
          bzr_entry_safe, nicolae_shop_stone, abyss_entry_glasseish, hell_entry,
          drop_trap, uniq_josephina
Zot:1:    layout_basic, hangedman_zot_decor_tridents, grunt_megastairs_1
Zot:2:    layout_basic, grunt_ministairs_1
Zot:3:    layout_cathedral_of_symmetry, door_vault
Zot:4:    layout_gridlike
Zot:5:    layout_cathedral_of_symmetry

Skill      XL: |  1  2  3  4  5  6  7  8  9 10 11 12 13 14 15 16 17 18 19 20 21 22 23 24 25 |
---------------+----------------------------------------------------------------------------+-----
Unarmed Combat | 3 5 12 | 12.9
Short Blades   | 1 3 4 5 6 7 9 10 12 14 17 | 17.5
Fighting       | 3 4 5 8 10 13 14 18 19 | 19.0
Shapeshifting  | 4 6 7 8 10 11 14 15 18 21 | 21.0
Shields        | 2 5 10 13 14 | 14.0
Dodging        | 2 3 5 9 10 12 14 16 17 20 | 20.0
Stealth        | 2 5 6 8 11 12 13 14 | 14.0
Throwing       | 2 5 |  5.0
Evocations     | 1 5 7 |  7.0
Translocations | 3 4 6 8 9 |  9.0
Spellcasting   | 2 3 4 6 |  6.0
Transmutations | 3 |  3.0
Earth Magic    | 3 |  3.0

Action                     |  1- 3 |  4- 6 |  7- 9 | 10-12 | 13-15 | 16-18 | 19-21 | 22-24 | 25-27 || total
---------------------------+-------+-------+-------+-------+-------+-------+-------+-------+-------++-------
  Melee: Unarmed           |    24 |       |       |       |       |       |       |   128 |       ||   152
         Tailslap          |     5 |    29 |    58 |   124 |   323 |   394 |   559 |   484 |   113 ||  2089
         Dagger            |    40 |   187 |   362 |    76 |       |       |       |       |       ||   665
         Punch             |     3 |       |       |       |       |       |       |    12 |       ||    15
         Quick blade       |       |       |       |   816 |  1652 |  1874 |  2089 |   607 |       ||  7038
         Maw               |       |       |       |   225 |   635 |   726 |  1057 |   973 |   217 ||  3833
         Rapier            |       |       |       |       |       |    60 |   337 |     5 |       ||   402
         Pair of quick bla |       |       |       |       |       |       |       |  1460 |   465 ||  1925
  Throw: Stone             |     1 |       |       |       |       |       |       |       |       ||     1
         Dart              |       |     3 |     5 |     4 |       |     2 |       |       |       ||    14
         Boomerang         |       |       |       |       |       |     2 |     1 |    11 |       ||    14
         Throwing net      |       |       |       |       |       |     1 |       |       |       ||     1
   Cast: Apportation       |       |       |       |    14 |     2 |     8 |     2 |    10 |     5 ||    41
         Lesser Beckoning  |       |       |       |       |       |    43 |     3 |    64 |    22 ||   132
         Passwall          |       |       |       |       |       |       |     2 |     4 |       ||     6
 Invoke: Serpent's Lash    |       |       |       |       |       |     4 |       |     6 |       ||    10
         Heavenly Storm    |       |       |       |       |       |     1 |       |     1 |       ||     2
Ability: Breathe Noxious F |       |       |    14 |     7 |    10 |     4 |     5 |     2 |       ||    42
         Lunge             |       |       |    15 |    61 |    99 |    99 |   126 |    84 |    11 ||   495
         Whirlwind         |       |       |     5 |    71 |    98 |   212 |   249 |   166 |    18 ||   819
         Begin Untransform |       |       |       |     1 |       |       |       |       |       ||     1
         Blinkbolt         |       |       |       |       |       |       |       |     9 |       ||     9
  Evoke: Wand              |       |     8 |    20 |     3 |     2 |     8 |     1 |     4 |     1 ||    47
    Use: Scroll            |       |     5 |     4 |     7 |     9 |    16 |     8 |     9 |     3 ||    61
         Potion            |       |       |       |     1 |     2 |     5 |     3 |     6 |     3 ||    20
   Stab: Sleeping          |     1 |     2 |     2 |    10 |    44 |    46 |    53 |    45 |       ||   203
         Confused          |       |       |     8 |     9 |    10 |     5 |     5 |     4 |       ||    41
         Distracted        |       |       |       |     1 |     3 |    10 |    17 |     4 |       ||    35
         Invisible         |       |       |       |       |    13 |       |       |       |       ||    13
         Held in net/web   |       |       |       |       |       |     2 |       |       |       ||     2
 Armour: Skin              |     7 |    30 |    47 |    58 |    56 |    73 |   116 |    64 |     8 ||   459
  Dodge: Dodged            |    23 |    65 |   112 |   151 |   338 |   330 |   479 |   509 |    81 ||  2088
  Block: Buckler           |       |     9 |   100 |   168 |   142 |       |       |       |       ||   419
         Reflection        |       |       |     4 |    12 |    24 |    74 |    52 |     3 |       ||   169
         Kite shield       |       |       |       |       |   182 |   611 |   729 |   149 |       ||  1671
         Other             |       |       |       |       |       |       |       |     5 |       ||     5
         Form:             |     1 |       |       |       |       |       |       |       |       ||     1
         Beast             |     1 |       |       |       |       |       |       |       |       ||     1
         Maw               |       |       |       |     1 |       |       |     1 |     1 |       ||     3
         Statue            |       |       |       |       |       |       |     1 |       |       ||     1
         Storm             |       |       |       |       |       |       |       |     1 |       ||     1

Table legend: (Time is in decaauts)
 A = Elapsed time spent in this place.
 B = Non-inter-level travel time spent in this place.
 C = Inter-level travel time spent in this place.
 D = Time resting spent in this place.
 E = Time spent auto-exploring this place.
 F = Levels seen in this place.
 G = Mean time per level.
                   A        B        C        D        E       F      G
               +--------+--------+--------+--------+--------+-----+--------+
         Total |  49839 |  43990 |   5849 |   3823 |  28674 |  61 |  817.0 |
       Dungeon |  15262 |  12817 |   2445 |    909 |   9361 |  15 | 1017.5 |
        Temple |     40 |     28 |     12 |      0 |      0 |   1 |   40.0 |
          Lair |   5662 |   4642 |   1020 |    102 |   3392 |   5 | 1132.4 |
         Swamp |   2375 |   2241 |    134 |    127 |   1485 |   4 |  593.8 |
     Snake Pit |   3428 |   3065 |    363 |    188 |   1757 |   4 |  857.0 |
    Slime Pits |   1471 |   1286 |    185 |    133 |    853 |   5 |  294.2 |
  Orcish Mines |   1962 |   1443 |    519 |    164 |    920 |   2 |  981.0 |
   Elven Halls |   2863 |   2649 |    214 |    362 |   1499 |   3 |  954.3 |
        Vaults |   5336 |   4878 |    458 |    349 |   3360 |   5 | 1067.2 |
        Depths |   4493 |   4203 |    290 |    540 |   2434 |   4 | 1123.2 |
           Zot |   4697 |   4492 |    205 |    259 |   3079 |   5 |  939.4 |
         Abyss |    184 |    184 |      0 |      0 |      0 |   3 |   61.3 |
        Bazaar |    107 |    107 |      0 |      0 |     55 |   2 |   53.5 |
        Bailey |    886 |    886 |      0 |    467 |     79 |   1 |  886.0 |
      Ice Cave |    667 |    667 |      0 |    119 |    235 |   1 |  667.0 |
      Gauntlet |    400 |    400 |      0 |    103 |    163 |   1 |  400.0 |
               +--------+--------+--------+--------+--------+-----+--------+

Top non-repeatable levels by time:
    D:15: 1458 daAuts
  Lair:5: 1389 daAuts
   Elf:3: 1365 daAuts
     D:5: 1338 daAuts
   Orc:2: 1282 daAuts
   Zot:5: 1272 daAuts
 Snake:4: 1250 daAuts
Depths:2: 1205 daAuts
Vaults:1: 1186 daAuts
  Lair:2: 1181 daAuts
     D:4: 1151 daAuts
    D:10: 1143 daAuts
Depths:3: 1142 daAuts
     D:6: 1109 daAuts
Vaults:5: 1106 daAuts
